 Dungeon Crawl Stone Soup version 0.23.2-30-g0e89c35649 (webtiles) character file.

Game seed: 140675221866834133

57 alrianne the Skirmisher (level 3, -1/33 HPs)
             Began as a Draconian Berserker on June 13, 2019.
             Was a Believer of Trog.
             Slain by an adder (2 damage)
             ... on level 2 of the Dungeon.
             The game lasted 00:11:47 (1236 turns).

alrianne the Skirmisher (Draconian Berserker)       Turns: 1236, Time: 00:11:47

Health: -1/33      AC:  5    Str: 20    XL:     3   Next: 73%
Magic:  3/3        EV: 13    Int:  7    God:    Trog [**....]
Gold:   123        SH:  0    Dex: 10    Spells: 2/2 levels left

rFire    . . .     SeeInvis .   a - +0 spear
rCold    . . .     Gourm    .   (no shield)
rNeg     . . .     Faith    .   (armour unavailable)
rPois    .         Spirit   .   (helmet restricted)
rElec    .         Reflect  .   (no cloak)
rCorr    .         Harm     .   (no gloves)
MR       .....                  (no boots)
Stlth    +.........             (no amulet)
HPRegen  0.11/turn              (no ring)
MPRegen  0.08/turn              (no ring)

@: lethally poisoned (-1 -> -13)
A: unfitting armour, cold-blooded, AC +5
a: Berserk, Trog's Hand, Renounce Religion


You were on level 2 of the Dungeon.
You worshipped Trog.
Trog was pleased with you.
You were not hungry.

You visited 1 branch of the dungeon, and saw 2 of its levels.

You collected 123 gold pieces.

Inventory:

Hand Weapons
 a - a +0 spear (weapon)
 j - a +0 hunting sling
 k - a +0 trident
Missiles
 h - 24 bolts
Scrolls
 c - a scroll of teleportation {unknown}
 d - 2 scrolls of identify {unknown}
 e - 3 scrolls of blinking {unknown}
 f - a scroll of fog {unknown}
 g - a scroll of enchant armour {unknown}
 i - a scroll of remove curse {unknown}
Comestibles
 b - 5 rations


   Skills:
 + Level 4.0 Fighting
 + Level 3.7 Polearms
 + Level 3.2 Dodging
 + Level 0.1 Stealth


You had 2 spell levels left.
You didn't know any spells.
Your spell library was empty.

Dungeon Overview and Level Annotations

Branches:
Dungeon (2/15)

Altars:
Hepliaklqana


Innate Abilities, Weirdness & Mutations

Your plain brown scales are hard. (AC +5)
You cannot fit into any form of body armour.
You are cold-blooded and may be slowed by cold attacks.


Message History

* * * LOW HITPOINT WARNING * * *
You feel sick.
* * * LOW HITPOINT WARNING * * *
You feel sick.
* * * LOW HITPOINT WARNING * * *
You feel sick. The adder barely misses you. The adder closely misses you.
* * * LOW HITPOINT WARNING * * *
You feel sick.
You hit the adder.
Your tail-slap misses the adder.
The adder is almost dead.
* * * LOW HITPOINT WARNING * * *
You feel sick. The adder bites you.
* * * LOW HITPOINT WARNING * * *
You are more poisoned.
The adder poisons you!
You hit the adder but do no damage.
The adder is almost dead.
* * * LOW HITPOINT WARNING * * *
You feel sick. The adder bites you.
You die...

..[....................#....#.###
.....####.####..####'#.#.#..#....
.....##.....##..# #.#(#.########
.....#.......#.#####'#+#)........
...(.#...)...#...#.^.......######
........._.......#.........#
.....#.......#[#.#.........#
.....#.......#.#.#.........#
.....##.....##.#@#.........#
.....####.####.#S#.........#
...... ........#.....#...#...
.....##........###...###.#.###
..... +........'.'..(....#.#
........###...##### $.......#
#....... ........# #....###
........# ####...


You could see an adder.

Vanquished Creatures
  2 adders (D:2)
  A worm (D:2)
  3 dart slugs
  A leopard gecko (D:1)
  5 goblins
  7 kobolds
  A quokka (D:2)
  3 bats
  A frilled lizard (D:1)
  6 rats (D:1)
30 creatures vanquished.

Notes
Turn   | Place    | Note
-------+----------+-------------------------------------------
     0 | D:1      | alrianne the Draconian Berserker began the quest for the
                  | Orb.
     0 | D:1      | Reached XP level 1. HP: 19/19 MP: 1/1
   487 | D:1      | Reached XP level 2. HP: 24/26 MP: 2/2
   806 | D:2      | Reached XP level 3. HP: 29/33 MP: 3/3
   830 | D:2      | Reached ** piety under Trog
  1097 | D:2      | Reached skill level 4 in Fighting
  1192 | D:2      | Found a hazy altar of Hepliaklqana.
  1236 | D:2      | HP: 1/33 [poisoned by an adder]
  1236 | D:2      | Slain by an adder

Skill      XL: |  1  2  3 |
---------------+----------+-----
Dodging        | 3 |  3.2
Fighting       | 4 |  4.0
Polearms       | |  3.7
Stealth        | |  0.1

Action                   || total
-------------------------++-------
Melee: Spear             ||   108
       Tailslap          ||    13
 Stab: Sleeping          ||     1
  Eat: Ration            ||     1
Armor: Skin              ||    30
Dodge: Dodged            ||    61
